 Dungeon Crawl Stone Soup version 0.27-a0-1090-gb115f176c6 (webtiles) character file.

Game seed: 5813812561529274533

18 tsouns the Insei (level 2, -2/36 HPs)
             Began as a Demonspawn Monk on Apr 27, 2021.
             Was a Priest of Wu Jian.
             Slain by a hobgoblin (3 damage)
             ... on level 1 of the Dungeon.
             The game lasted 00:01:39 (1206 turns).

tsouns the Insei (Demonspawn Monk)                  Turns: 1206, Time: 00:01:40

Health: -2/36      AC:  2    Str: 11    XL:     2   Next: 48%
Magic:  2/2        EV: 12    Int: 11    God:    Wu Jian [***...]
Gold:   16         SH:  4    Dex: 15    Spells: 1/1 levels left

rFire    . . .     SeeInvis .     - Unarmed
rCold    . . .     Faith    .   (no shield)
rNeg     . . .     Spirit   .   a - +0 robe
rPois    .         Reflect  .   (no helmet)
rElec    .         Harm     .   (no cloak)
rCorr    .         Rampage  .   (no gloves)
Will     .....                  (no boots)
Stlth    ..........             (no amulet)
HPRegen  0.12/turn              (no ring)
MPRegen  0.08/turn              (no ring)

@: berserking, lethally poisoned (-2 -> -6), very quick
A: condensation shield
a: Renounce Religion, Wall Jump, Serpent's Lash


You were on level 1 of the Dungeon.
You worshipped Wu Jian.
Wu Jian was most pleased with you.
You visited 1 branch of the dungeon, and saw 2 of its levels.

You collected 16 gold pieces.

Inventory:

Armour
 a - a +0 robe (worn)
Scrolls
 b - a scroll of amnesia {unknown}
 c - a scroll of enchant weapon {unknown}


   Skills:
 + Level 3.2 Fighting
 - Level 2.6 Dodging
 - Level 1.7 Stealth
 * Level 3.3 Unarmed Combat


You had one spell level left.
You didn't know any spells.
Your spell library contained the following spells:

 Spells                   Type           Power      Damage    Failure   Level
 Beastly Appendage        Tmut           0%         N/A       34%         1
 Wereblood                Tmut           0%         N/A       47%         2
 Spider Form              Tmut/Pois      0%         N/A       71%         3
 Ice Form                 Ice/Tmut       0%         N/A       98%         4
 Hydra Form               Tmut           0%         N/A       100%        5


Dungeon Overview and Level Annotations

Branches:
Dungeon (2/15)

Altars:
Wu Jian


Innate Abilities, Weirdness & Mutations

A meltable shield of frost defends you. (SH +4)


Message History

The giant cockroach is severely wounded.
You feel sick. The adder barely misses you.
The giant cockroach barely misses you. The adder closely misses you.
The hobgoblin hits you but does no damage.
You barely miss the giant cockroach.
The giant cockroach is severely wounded.
You feel sick. You block the giant cockroach's attack. The adder bites you.
The hobgoblin misses you.
You hit the giant cockroach but do no damage.
The giant cockroach is severely wounded.
You feel sick. The adder closely misses you.
The giant cockroach bites you but does no damage.
The hobgoblin closely misses you.
You hit the giant cockroach.
The giant cockroach is almost dead.
You feel sick. The adder bites you.
* * * LOW HITPOINT WARNING * * *
You are lethally poisoned!
The adder poisons you! The giant cockroach bites you.
* * * LOW HITPOINT WARNING * * *
The hobgoblin hits you but does no damage.
You spin and attack the adder.
You barely miss the adder.
You spin and attack the giant cockroach.
You barely miss the giant cockroach.
The giant cockroach is almost dead.
You spin and attack the hobgoblin.
You closely miss the hobgoblin.
* * * LOW HITPOINT WARNING * * *
You feel sick. The adder bites you but does no damage.
The giant cockroach completely misses you.
The adder bites you.
* * * LOW HITPOINT WARNING * * *
The hobgoblin misses you.
It was a potion of berserk rage.
A red film seems to cover your vision as you go berserk!
You feel yourself moving faster!
You feel mighty!
* * * LOW HITPOINT WARNING * * *
You feel sick. The giant cockroach closely misses you.
The adder bites you but does no damage. The giant cockroach barely misses you.
The rat closely misses you. The hobgoblin hits you.
You die...

..... ..# #.# .....##(##
#.# .........# #.#
.........# #.# #......#
#(#### #......# #)....
########......########
#...S>B.######........
#...g@######.#########
#...r.##.♣.#.##
#.....##...#..########
........#♣P..#P.#.......
........#⌠_....P#......#
........#.P..#..##.....#
........##8..#.P.#.....#
.........#.♣.#..8##.....
#####.........#


You could see an adder, a giant cockroach, a hobgoblin and a rat.

Vanquished Creatures
  2 ball pythons (D:1)
  2 endoplasms (D:1)
  A giant cockroach (D:1)
  3 goblins (D:1)
  A hobgoblin (D:1)
  2 kobolds (D:1)
  2 bats (D:1)
  3 frilled lizards (D:1)
16 creatures vanquished.

Notes
Turn   | Place    | Note
-------+----------+-------------------------------------------
     0 | D:1      | tsouns the Demonspawn Monk began the quest for the Orb.
     0 | D:1      | Reached XP level 1. HP: 18/18 MP: 1/1
   306 | D:1      | Gained mutation: A meltable shield of frost defends you.
                  | (SH +4) [demonic ancestry]
   306 | D:1      | Reached XP level 2. HP: 15/24 MP: 2/2
   430 | D:1      | Found a faded altar of an unknown god.
   435 | D:1      | Became a worshipper of the Wu Jian Council
   435 | D:1      | Reached * piety under Wu Jian
   435 | D:1      | Reached ** piety under Wu Jian
   584 | D:1      | Reached *** piety under Wu Jian
  1186 | D:1      | You fall into a shaft and drop 1 floor!
  1205 | D:1      | HP: 1/24 [adder (3)]
  1206 | D:1      | Slain by a hobgoblin

Illustrated notes

Levels and vault maps discovered:
D:1:      psy_arrival_dodecagon, layout_basic, chequers_ecumenical_altar_lobes
D:2:      layout_basic, basic_altar, kennysheep_minor_cross, serial_park_tiny_1

Skill      XL: |  1 |
---------------+----+-----
Unarmed Combat | 3 |  3.3
Fighting       | |  3.2
Dodging        | |  2.6
Stealth        | |  1.7

Action                   || total
-------------------------++-------
Melee: Unarmed           ||    73
       Punch             ||     1
Invok: Whirlwind         ||    12
       Lunge             ||     2
  Use: Potion            ||     1
 Stab: Sleeping          ||     2
Armor: Robe              ||    11
Dodge: Dodged            ||    50
Block: Other             ||     6

Table legend: (Time is in decaauts)
 A = Elapsed time spent in this place.
 B = Non-inter-level travel time spent in this place.
 C = Inter-level travel time spent in this place.
 D = Time resting spent in this place.
 E = Time spent auto-exploring this place.
 F = Levels seen in this place.
 G = Mean time per level.
                   A        B        C        D        E       F      G
               +--------+--------+--------+--------+--------+-----+--------+
         Total |   1202 |   1202 |      0 |      0 |   1057 |   2 |  601.0 |
       Dungeon |   1202 |   1202 |      0 |      0 |   1057 |   2 |  601.0 |
               +--------+--------+--------+--------+--------+-----+--------+

Top non-repeatable levels by time:
     D:1: 1194 daAuts
     D:2: 8 daAuts
